 Dungeon Crawl Stone Soup version 0.30-a0-422-g946f4849ff (webtiles) character file.

Game seed: 11669339200196070780

812 pokeman the Thaumaturge (level 7, -3/40 HPs)
             Began as a Deep Elf Hedge Wizard on Dec 8, 2022.
             Was an Initiate of Vehumet.
             Slain by an ice beast (12 damage)
             ... on level 5 of the Dungeon.
             The game lasted 00:10:46 (5095 turns).

pokeman the Thaumaturge (Deep Elf Hedge Wizard)     Turns: 5095, Time: 00:10:47

Health: -3/40      AC:  3    Str:  7    XL:     7   Next: 61%
Magic:  15/30      EV: 16    Int: 21    God:    Vehumet [......]
Gold:   128        SH:  0    Dex: 14    Spells: 15/23 levels left

rFire   . . .      SeeInvis .    y - +2 dagger (venom)
rCold   . . .      Faith    .    (no shield)
rNeg    . . .      Spirit   .    e - +0 leather armour
rPois   .          Reflect  .    c - +0 hat
rElec   .          Harm     .    (no cloak)
rCorr   .          Rampage  .    (no gloves)
Will    .....                    (no boots)
Stlth   ++........               h - amulet of regeneration
HPRegen 1.06/turn                q - +4 ring of evasion
MPRegen 0.22/turn                w - ring of magical power

@: on blink cooldown
A: no striking features
a: Renounce Religion


You were on level 5 of the Dungeon.
You worshipped Vehumet.
Vehumet was noncommittal.
You visited 2 branches of the dungeon, and saw 6 of its levels.

You collected 243 gold pieces.
You spent 115 gold pieces at shops.

Inventory:

Hand Weapons
 y - a +2 dagger of venom (weapon)
Armour
 c - a +0 hat (worn)
 e - a +0 leather armour (worn)
 p - the +0 buckler "Qigabej" {Int+2}
   (You found it on level 2 of the Dungeon)

   Int:       It affects your intelligence (+2).
Magical Staves
 x - a staff of cold
Jewellery
 g - a ring of positive energy
 h - an amulet of regeneration (around neck)
 q - a +4 ring of evasion (left hand)
 r - a ring of willpower
 t - an amulet of faith
 v - a ring of see invisible
 w - a ring of magical power (right hand)
Scrolls
 a - 2 scrolls of amnesia {unknown}
 b - 4 scrolls of magic mapping
 f - 6 scrolls of identify
 j - a scroll of fear {unknown}
 k - 2 scrolls of enchant weapon {unknown}
 l - 2 scrolls of teleportation {unknown}
 u - a scroll of vulnerability {unknown}
Potions
 d - a potion of magic
 i - 3 potions of attraction {unknown}
 m - 2 potions of curing {unknown}
 n - a potion of heal wounds {unknown}
 o - 4 potions of haste {unknown}
 s - a potion of mutation {unknown}


   Skills:
 - Level 2.1 Fighting
 + Level 1.0 Armour
 - Level 3.1 Dodging
 - Level 3.0 Stealth
 - Level 1.1 Shields
 * Level 8.6 Spellcasting
 + Level 4.3 Conjurations
 - Level 1.1 Summonings
 - Level 1.1 Translocations
 - Level 1.0 Ice Magic
 - Level 1.0 Air Magic
 - Level 1.1 Poison Magic
 - Level 1.0 Evocations


You had 15 spell levels left.
You knew the following spells:

 Your Spells              Type           Power      Damage    Failure   Level
a - Magic Dart            Conj           100%       1d8       1%          1
b - Mephitic Cloud        Conj/Pois/Air  18%        N/A       14%         3
c - Call Imp              Summ           13%        N/A       11%         2
d - Blink                 Tloc           26%        N/A       11%         2

Your spell library contained the following spells:

 Spells                   Type           Power      Damage    Failure   Level
 Beastly Appendage        Tmut           18%        N/A       11%         1
 Slow                     Hex            36%        N/A       11%         1
 Cigotuvi's Dreadful Rot  Necr/Pois/Air  24%        N/A       12%         2
 Wereblood                Tmut           9%         N/A       17%         2
 Spider Form              Tmut/Pois      11%        N/A       26%         3


Dungeon Overview and Level Annotations

Branches:
Dungeon (5/15)             Temple (1/1) D:5

Altars:
Ashenzari
Cheibriados
Dithmenos
Hepliaklqana
Qazlal
Ru
Trog
Uskayaw
Vehumet
Wu Jian
Xom
Yredelemnul
Zin
The Shining One

Shops:
D:3 ?


Message History

Casting: Magic Dart (safe; 1% risk of failure)
Confirm with . or Enter, or press ? or * to list all spells.
Aiming: Magic Dart (safe; 1% risk of failure)
Press: ? - help, Shift-Dir - straight line, f/p - ice beast
Aim: an ice beast (almost dead, 100% to hit)
The magic dart hits the ice beast but does no damage.
The ice beast is almost dead.
The ice beast hits you. The ice beast freezes you!
* * * LOW HITPOINT WARNING * * *
Unknown command.
Casting: Magic Dart (safe; 1% risk of failure)
Confirm with . or Enter, or press ? or * to list all spells.
You blink.
Unknown command.
Casting: Blink (safe; 11% risk of failure)
Confirm with . or Enter, or press ? or * to list all spells.
Aiming: Magic Dart (safe; 1% risk of failure)
Press: ? - help, Shift-Dir - straight line, f/p - ice beast
Aim: an ice beast (almost dead, 100% to hit)
The magic dart hits the ice beast but does no damage.
The ice beast is almost dead.
Casting: Magic Dart (safe; 1% risk of failure)
Confirm with . or Enter, or press ? or * to list all spells.
Aiming: Magic Dart (safe; 1% risk of failure)
Press: ? - help, Shift-Dir - straight line, f/p - ice beast
Aim: an ice beast (almost dead, 100% to hit)
The magic dart hits the ice beast.
The ice beast is almost dead.
The ice beast closely misses you.
Casting: Magic Dart (safe; 1% risk of failure)
Confirm with . or Enter, or press ? or * to list all spells.
Aiming: Magic Dart (safe; 1% risk of failure)
Press: ? - help, Shift-Dir - straight line, f/p - ice beast
Aim: an ice beast (almost dead, 100% to hit)
The magic dart hits the ice beast.
The ice beast is almost dead.
The ice beast hits you.
* * * LOW HITPOINT WARNING * * *
The ice beast freezes you!
You die...

..#.###.######.#.#
........# ####.#.##
##..#[### #.......# ##
....#.# #.##.#..# #.#
......#####.##.#..##.#
....... ..#.##....#.#
##.#.####.#.###....#
....)..##.#.###.#Y#.#
..#....>#.#.....@.##.#
).#.....#.#####.###
#.# ..#.....#)## #.#
.# .......)...# #.# #
####...##..####.#
##.....[.....#
#####..###### #..#
#..########


You could see an ice beast.

Vanquished Creatures
  A komodo dragon (D:5)
  A phantom (D:5)
  A scorpion (D:4)
  A jelly (D:5)
  2 orc priests
  A gnoll bouda (D:4)
  An iguana (D:5)
  2 orc wizards
  4 gnolls (D:4)
  3 adders
  5 worms
  2 dart slugs
  17 orcs
  6 ball pythons
  4 endoplasms
  4 giant cockroaches
  8 goblins
  5 hobgoblins
  3 jackals (D:1)
  6 kobolds
  4 quokkas
  5 bats
  A frilled lizard (D:3)
  4 rats
91 creatures vanquished.

Vanquished Creatures (collateral kills)
  A howler monkey (D:4)
  An orc (D:3)
2 creatures vanquished.

Grand Total: 93 creatures vanquished

Notes
Turn   | Place    | Note
-------+----------+-------------------------------------------
     0 | D:1      | pokeman the Deep Elf Hedge Wizard began the quest for the
                  | Orb.
     0 | D:1      | Reached XP level 1. HP: 10/10 MP: 7/7
   289 | D:1      | Reached XP level 2. HP: 15/16 MP: 2/9
  1035 | D:1      | Found a faded altar of an unknown god.
  1066 | D:1      | Reached skill level 5 in Spellcasting
  1165 | D:1      | Reached XP level 3. HP: 20/20 MP: 8/11
  1169 | D:1      | Learned a level 3 spell: Mephitic Cloud
  1172 | D:1      | Learned a level 2 spell: Call Imp
  1175 | D:1      | Learned a level 2 spell: Blink
  1793 | D:2      | Identified the +0 buckler "Qigabej" {Int+2}
  2112 | D:3      | Found Malel's Magic Scroll Shoppe.
  2115 | D:3      | Bought a scroll of identify for 20 gold pieces
  2115 | D:3      | Bought a scroll of magic mapping for 75 gold pieces
  2115 | D:3      | Bought a scroll of identify for 20 gold pieces
  2215 | D:3      | Reached skill level 1 in Fighting
  2215 | D:3      | Reached skill level 1 in Armour
  2569 | D:3      | Reached XP level 4. HP: 25/25 MP: 3/13
  3350 | D:4      | Found a glowing golden altar of the Shining One.
  3382 | D:4      | Noticed a scorpion
  3410 | D:4      | Killed a scorpion
  3411 | D:4      | Reached skill level 1 in Shields
  3411 | D:4      | Reached skill level 6 in Spellcasting
  3411 | D:4      | Reached XP level 5. HP: 29/29 MP: 7/15
  3479 | D:4      | Found a glowing silver altar of Zin.
  3938 | D:4      | Reached skill level 1 in Air Magic
  3938 | D:4      | Reached XP level 6. HP: 18/34 MP: 1/17
  3942 | D:4      | Found a broken altar of Ashenzari.
  4143 | D:4      | Reached skill level 7 in Spellcasting
  4321 | D:5      | Entered Level 5 of the Dungeon
  4422 | D:5      | Reached skill level 1 in Poison Magic
  4533 | D:5      | Reached skill level 1 in Ice Magic
  4533 | D:5      | Reached skill level 1 in Evocations
  4535 | D:5      | Found a staircase to the Ecumenical Temple.
  4547 | Temple   | Entered the Ecumenical Temple
  4647 | Temple   | Became a worshipper of Vehumet
  4713 | D:5      | Reached XP level 7. HP: 34/38 MP: 20/20
  4877 | D:5      | Noticed a shadow
  4893 | D:5      | Noticed a komodo dragon
  4977 | D:5      | Killed a komodo dragon
  4978 | D:5      | Reached skill level 8 in Spellcasting
  5095 | D:5      | Slain by an ice beast

Illustrated notes

Levels and vault maps discovered:
D:1:      scummos_arrival_star, layout_loops_ring,
          hellmonk_ecumenical_altar_leap_of_faith
D:2:      layout_loops_ring
D:3:      layout_basic, serial_shops, nicolae_shop_behind_doors,
          minmay_surrounded
D:4:      layout_cave_pools, lemuel_crystal_altar, evilmike_ruin_ashenzari,
          amcnicky_altar_gilded, serial_glass, glass_columns_c, glass_columns_a,
          glass_columns_a, glass_columns_a, glass_columns_c, glass_columns_a,
          glass_columns_a, glass_columns_a
D:5:      old_forge, layout_loops_ring, okawaru_gym_becter,
          minmay_temple_entry_tees, minmay_small_thing
Temple:   minmay_crystal_spiral_temple

Skill      XL: |  1  2  3  4  5  6  7 |
---------------+----------------------+-----
Spellcasting   | 5 6 7 8 |  8.6
Fighting       | 1 2 |  2.1
Armour         | 1 |  1.0
Conjurations   | 2 3 4 |  4.3
Dodging        | 3 |  3.1
Shields        | 1 |  1.1
Air Magic      | 1 |  1.0
Stealth        | 3 |  3.0
Poison Magic   | 1 |  1.1
Ice Magic      | 1 |  1.0
Evocations     | 1 |  1.0
Summonings     | |  1.1
Translocations | |  1.1

Action                   |  1- 3 |  4- 6 |  7- 9 || total
-------------------------+-------+-------+-------++-------
Melee: Hand axe          |     9 |    82 |       ||    91
       Dagger            |       |       |     4 ||     4
 Cast: Magic Dart        |   133 |   124 |    18 ||   275
       Call Imp          |       |     4 |     6 ||    10
       Mephitic Cloud    |       |     9 |     3 ||    12
       Blink             |       |       |     2 ||     2
 Stab: Sleeping          |       |     1 |       ||     1
       Confused          |       |     2 |       ||     2
       Distracted        |       |     1 |       ||     1
Armor: Leather armour    |     8 |    12 |     2 ||    22
Dodge: Dodged            |    26 |    80 |     9 ||   115

Table legend: (Time is in decaauts)
 A = Elapsed time spent in this place.
 B = Non-inter-level travel time spent in this place.
 C = Inter-level travel time spent in this place.
 D = Time resting spent in this place.
 E = Time spent auto-exploring this place.
 F = Levels seen in this place.
 G = Mean time per level.
                   A        B        C        D        E       F      G
               +--------+--------+--------+--------+--------+-----+--------+
         Total |   5120 |   4981 |    139 |    166 |   3929 |   6 |  853.3 |
       Dungeon |   4965 |   4879 |     86 |    166 |   3846 |   5 |  993.0 |
        Temple |    154 |    101 |     53 |      0 |     83 |   1 |  154.0 |
               +--------+--------+--------+--------+--------+-----+--------+

Top non-repeatable levels by time:
     D:1: 1252 daAuts
     D:3: 1161 daAuts
     D:4: 1104 daAuts
     D:2: 826 daAuts
     D:5: 621 daAuts
  Temple: 154 daAuts
